cohdb
Replays
Latest Replays
All Replays
Popular Replays
Top Player Replays
Match Explorer
How It Works
Community
CoH3 Stats
Reddit
Sign in to upload your games and track your stats! →
Sign in with Steam
Match 43415647
Unlisted
Match 43415647
Overview
Messages
Build Orders
End
Kradschützen Motorcycle Team
Selects Panzerjäger Kommand Battlegroup
Selects Mine Fields
Panzerpioneer Squad
250 Light Carrier
Construct Light Support Kompanie
Assault Grenadier Squad
Fire Support Elements
Assault Grenadier Squad
Selects Tank Busters
Panzerjäger Mechanized Group
Flakvierling Half-track
2.5-tonne Medical Truck
Pak 38 Anti-tank Gun Team
Selects Defensive Positions
Dominik
beniu
Qhunter
[TGR] ImperialGuard
0
0
Comments
sign in to comment!
No comments posted yet!